[ AOE2 MATCH · #500354721 ]
UnrankedPortuguese vs Slavs
[ REPLAY ANALYSIS · EXTRACTED FROM THE RECORDED GAME ]
Feudal
10:56
Castle
14:52
Imperial
43:41
| APM avg | 62.0 |
| APM peak | 111 |
| eAPM avg | 40.4 |
| Villagers / military | 282 / 376 |
Focus
⚔️ 44.6% · 🌾 55.4%
Spearman ×283 · Organ Gun ×54 · Fishing Ship ×16 · Bombard Cannon ×14 · Caravel ×12 · Mangonel ×8
Feudal
10:56
Castle
14:27
Imperial
35:05
| APM avg | 85.4 |
| APM peak | 144 |
| eAPM avg | 58.8 |
| Villagers / military | 163 / 598 |
Focus
⚔️ 71.7% · 🌾 28.3%
Scout Cavalry ×261 · Boyar ×141 · Scorpion ×93 · Battering Ram ×83 · Monk ×15 · Trebuchet (Packed) ×5
Feudal
8:30
Castle
19:46
Imperial
31:26
| APM avg | 50.2 |
| APM peak | 84 |
| eAPM avg | 26.2 |
| Villagers / military | 295 / 668 |
Focus
⚔️ 39.3% · 🌾 60.7%
Militia ×638 · Trebuchet (Packed) ×13 · Centurion ×12 · Galley ×3 · Transport Ship ×2 · Unknown (1795) ×2
Feudal
11:02
Castle
15:02
Imperial
35:19
| APM avg | 79.4 |
| APM peak | 145 |
| eAPM avg | 48.8 |
| Villagers / military | 162 / 1 |
Focus
⚔️ 73.4% · 🌾 26.6%
Unknown (1952) ×296 · Trade Cart ×77 · Unknown (1949) ×59 · Unknown (1942) ×23 · Transport Ship ×1 · Unknown (1944) ×1
Feudal
10:52
Castle
14:48
Imperial
38:32
| APM avg | 49.9 |
| APM peak | 84 |
| eAPM avg | 28.9 |
| Villagers / military | 262 / 237 |
Focus
⚔️ 40.2% · 🌾 59.8%
Mangudai ×202 · Battering Ram ×15 · Steppe Lancer ×11 · Scout Cavalry ×4 · Mangonel ×3 · Monk ×1
Feudal
11:07
Castle
15:15
Imperial
33:28
| APM avg | 47.0 |
| APM peak | 83 |
| eAPM avg | 26.4 |
| Villagers / military | 256 / 408 |
Focus
⚔️ 37.7% · 🌾 62.3%
Camel Scout ×129 · Shrivamsha Rider ×94 · Chakram Thrower ×90 · Hand Cannoneer ×57 · Trade Cart ×21 · Trebuchet (Packed) ×13
Match map
Initial resources + every placement click. Lines = walls · curves = elevation contours. ◆ gold · ⬟ stone · ● berries · ✦ relic · ◌ wall gap
Your base· ✓ Closed at 14:52 · 29t walls · 1 gate(s)
Oni.dogao's base· ✓ Closed at 14:27 · 3t walls · no gate
Oni.DauT's base· Open — 4t gap
Oni.JorDan_AoE's base· ✓ Closed at 15:02 · 5t walls · 1 gate(s)
Oni.GoKu's base· Open — 2t gap
Oni.Kingstone's base· Open — opponent sealed themselves in
Smoothed initial terrain · ◌ = detected wall gap · hover for details
Inputs per minute
— Oni.TaToH - - Oni.dogao
Build order — Oni.TaToH
First 150 of 1003 actions detected
| 0:00 | Create | Villager (Male) ×4 |
| 0:03 | Build | House |
| 0:03 | Build | House |
| 1:24 | Create | Villager (Male) |
| 1:25 | Create | Villager (Male) |
| 1:49 | Create | Villager (Male) |
| 2:23 | Create | Villager (Male) |
| 2:44 | Create | Villager (Male) |
| 3:04 | Create | Villager (Male) |
| 3:15 | Build | Lumber Camp |
| 3:35 | Create | Villager (Male) |
| 3:51 | Build | House |
| 3:57 | Build | House |
| 3:59 | Create | Villager (Male) |
| 4:17 | Create | Villager (Male) |
| 4:19 | Create | Villager (Male) |
| 4:24 | Build | House |
| 4:40 | Create | Villager (Male) |
| 4:59 | Build | Palisade Wall |
| 5:05 | Build | Palisade Wall |
| 5:08 | Create | Villager (Male) |
| 5:34 | Create | Villager (Male) |
| 6:00 | Build | Mill |
| 6:29 | Build | Palisade Gate |
| 6:36 | Create | Villager (Male) |
| 6:37 | Build | Palisade Wall |
| 6:39 | Build | Palisade Wall |
| 6:41 | Build | Palisade Wall |
| 6:43 | Create | Villager (Male) |
| 6:44 | Build | Palisade Wall |
| 6:46 | Build | Palisade Wall |
| 6:51 | Build | Palisade Wall |
| 7:16 | Create | Villager (Male) |
| 7:35 | Create | Villager (Male) |
| 8:17 | Create | Villager (Male) |
| 8:47 | Research | Feudal Age |
| 8:54 | Build | House |
| 8:55 | Build | House |
| 9:29 | Build | Mining Camp |
| 9:57 | Build | House |
| 10:11 | Create | Villager (Male) |
| 10:55 | Build | Dock |
| 10:56 | Age | Feudal Age |
| 10:59 | Create | Villager (Male) |
| 11:04 | Build | Market |
| 11:10 | Build | Blacksmith |
| 11:15 | Research | Loom |
| 11:50 | Create | Fishing Ship |
| 12:12 | Research | Castle Age |
| 12:23 | Build | Lumber Camp |
| 12:35 | Build | Fish Trap |
| 12:56 | Create | Fishing Ship |
| 13:15 | Build | Mill |
| 13:19 | Research | Double-Bit Axe |
| 13:40 | Build | Fish Trap |
| 13:50 | Create | Transport Ship |
| 14:31 | Create | Fishing Ship |
| 14:33 | Research | Tech 906 |
| 14:47 | Create | Fishing Ship |
| 14:52 | Age | Castle Age |
| 14:54 | Create | Villager (Male) |
| 15:05 | Build | Mining Camp |
| 15:23 | Create | Villager (Male) |
| 15:27 | Create | Fishing Ship |
| 15:32 | Build | Watch Tower |
| 15:38 | Build | Fish Trap |
| 15:43 | Create | Villager (Male) |
| 15:44 | Build | University |
| 16:06 | Create | Villager (Male) |
| 16:08 | Build | Mill |
| 16:28 | Build | Fish Trap |
| 16:34 | Create | Villager (Male) |
| 16:37 | Build | Watch Tower |
| 16:47 | Create | Villager (Male) |
| 17:34 | Research | Fletching |
| 17:34 | Research | Fletching |
| 17:43 | Research | Guard Tower (upgrade) |
| 17:43 | Research | Guard Tower (upgrade) |
| 17:56 | Build | Stone Wall |
| 17:58 | Build | Stone Wall |
| 18:01 | Build | Stone Wall |
| 18:20 | Build | Watch Tower |
| 18:37 | Build | Palisade Wall |
| 18:37 | Build | Palisade Wall |
| 18:55 | Create | Villager (Male) |
| 18:59 | Research | Bodkin Arrow |
| 19:05 | Build | House |
| 19:08 | Create | Villager (Male) |
| 19:18 | Research | Town Watch |
| 19:35 | Create | Villager (Male) |
| 19:39 | Research | Bow Saw |
| 19:49 | Create | Villager (Male) |
| 20:23 | Create | Villager (Male) |
| 20:23 | Create | Villager (Male) |
| 20:30 | Create | Villager (Male) |
| 20:34 | Build | Town Center |
| 20:55 | Create | Villager (Male) |
| 20:59 | Build | House |
| 21:14 | Create | Fishing Ship |
| 21:18 | Create | Villager (Male) |
| 21:33 | Build | Watch Tower |
| 21:35 | Research | Stone Mining |
| 21:35 | Research | Stone Mining |
| 21:38 | Create | Villager (Male) |
| 21:49 | Create | Villager (Male) |
| 22:09 | Create | Villager (Male) |
| 22:21 | Research | Ballistics |
| 22:22 | Create | Villager (Male) |
| 22:42 | Build | Watch Tower |
| 22:43 | Create | Villager (Male) |
| 22:45 | Create | Villager (Male) |
| 22:49 | Create | Fishing Ship |
| 23:00 | Create | Villager (Male) |
| 23:14 | Build | Siege Workshop |
| 23:23 | Create | Villager (Male) |
| 23:24 | Build | House |
| 23:28 | Build | Watch Tower |
| 23:34 | Create | Villager (Male) |
| 23:39 | Build | Fish Trap |
| 23:55 | Build | Fish Trap |
| 24:06 | Create | Mangonel |
| 24:07 | Create | Mangonel |
| 24:14 | Create | Villager (Male) |
| 24:28 | Create | Villager (Male) |
| 24:36 | Build | Watch Tower |
| 24:42 | Create | Mangonel |
| 24:42 | Create | Mangonel |
| 24:49 | Build | Dock |
| 25:08 | Create | Villager (Male) |
| 25:11 | Build | House |
| 25:11 | Build | House |
| 25:13 | Build | House |
| 25:13 | Build | House |
| 25:18 | Create | Villager (Male) |
| 25:26 | Build | Dock |
| 25:28 | Build | Dock |
| 25:36 | Build | Watch Tower |
| 26:19 | Create | Mangonel |
| 26:25 | Create | Mangonel |
| 26:25 | Create | Villager (Male) |
| 26:27 | Create | Villager (Male) |
| 26:39 | Create | Villager (Male) |
| 26:39 | Create | Villager (Male) |
| 27:14 | Create | Villager (Male) |
| 27:30 | Create | Mangonel |
| 27:30 | Create | Villager (Male) |
| 27:34 | Build | Town Center |
| 27:55 | Create | Villager (Male) |
| 28:06 | Create | Villager (Male) |
| 28:12 | Create | Villager (Male) |
Build order — Oni.dogao
First 150 of 975 actions detected
| 0:01 | Create | Villager (Male) ×4 |
| 0:02 | Create | Villager (Male) ×4 |
| 0:03 | Build | House |
| 0:03 | Build | House |
| 1:29 | Create | Villager (Male) |
| 1:30 | Create | Villager (Male) |
| 1:54 | Create | Villager (Male) |
| 1:54 | Create | Villager (Male) |
| 2:13 | Build | Lumber Camp |
| 2:17 | Create | Villager (Male) |
| 2:17 | Create | Villager (Male) |
| 2:46 | Create | Villager (Male) |
| 2:46 | Create | Villager (Male) |
| 2:47 | Create | Villager (Male) |
| 2:57 | Create | Villager (Male) |
| 2:57 | Create | Villager (Male) |
| 3:27 | Build | House |
| 3:33 | Create | Villager (Male) |
| 3:33 | Create | Villager (Male) |
| 3:54 | Create | Villager (Male) |
| 3:55 | Create | Villager (Male) |
| 4:05 | Create | Villager (Male) |
| 4:06 | Create | Villager (Male) |
| 4:08 | Build | House |
| 4:34 | Build | House |
| 4:43 | Create | Villager (Male) |
| 4:43 | Create | Villager (Male) |
| 5:15 | Build | Palisade Wall |
| 5:20 | Create | Villager (Male) |
| 5:31 | Build | Palisade Wall |
| 5:34 | Build | Mill |
| 5:37 | Create | Villager (Male) |
| 5:39 | Create | Villager (Male) |
| 6:33 | Create | Villager (Male) |
| 6:52 | Build | Lumber Camp |
| 6:55 | Create | Villager (Male) |
| 7:18 | Create | Villager (Male) |
| 7:41 | Create | Villager (Male) |
| 8:10 | Create | Villager (Male) |
| 8:25 | Build | Mining Camp |
| 8:47 | Research | Feudal Age |
| 8:47 | Research | Feudal Age |
| 8:47 | Research | Feudal Age |
| 9:14 | Create | Villager (Male) |
| 9:14 | Create | Villager (Male) |
| 10:56 | Age | Feudal Age |
| 10:59 | Build | Market |
| 11:00 | Build | Blacksmith |
| 11:44 | Research | Castle Age |
| 11:44 | Research | Castle Age |
| 11:44 | Research | Castle Age |
| 11:57 | Build | Farm |
| 11:59 | Build | Farm |
| 12:00 | Build | Farm |
| 12:02 | Build | Farm |
| 12:31 | Research | Double-Bit Axe |
| 12:31 | Research | Double-Bit Axe |
| 13:15 | Research | Loom |
| 13:15 | Research | Loom |
| 13:31 | Build | House |
| 13:31 | Build | House |
| 13:59 | Build | Palisade Wall |
| 14:01 | Build | Barracks |
| 14:23 | Research | Gold Mining |
| 14:23 | Research | Gold Mining |
| 14:27 | Age | Castle Age |
| 14:30 | Build | Siege Workshop |
| 14:31 | Build | Monastery |
| 14:32 | Research | Bow Saw |
| 14:33 | Research | Bow Saw |
| 14:41 | Build | Palisade Wall |
| 14:43 | Build | Palisade Wall |
| 14:47 | Create | Villager (Male) |
| 14:57 | Create | Villager (Male) |
| 15:19 | Build | Monastery |
| 15:27 | Create | Battering Ram |
| 15:29 | Create | Villager (Male) |
| 15:33 | Create | Monk |
| 15:37 | Create | Villager (Male) |
| 15:48 | Build | Farm |
| 15:58 | Research | Sanctity |
| 15:59 | Research | Sanctity |
| 16:00 | Build | House |
| 16:12 | Create | Villager (Male) |
| 16:12 | Create | Villager (Male) |
| 16:18 | Create | Monk |
| 16:22 | Create | Battering Ram |
| 16:22 | Create | Battering Ram |
| 16:40 | Build | House |
| 16:57 | Create | Monk |
| 17:05 | Build | House |
| 17:16 | Create | Monk |
| 17:19 | Create | Battering Ram |
| 17:21 | Create | Villager (Male) |
| 17:40 | Create | Monk |
| 17:41 | Create | Monk |
| 17:42 | Create | Villager (Male) |
| 17:45 | Build | House |
| 18:05 | Create | Villager (Male) |
| 18:06 | Build | Farm |
| 18:17 | Create | Battering Ram |
| 18:20 | Build | House |
| 18:50 | Create | Villager (Male) |
| 18:50 | Create | Villager (Male) |
| 19:09 | Build | Town Center |
| 19:34 | Create | Villager (Male) |
| 19:34 | Build | Farm |
| 19:35 | Build | Farm |
| 20:01 | Research | Redemption |
| 20:01 | Research | Redemption |
| 20:08 | Create | Villager (Male) |
| 20:09 | Build | Farm |
| 20:16 | Create | Monk |
| 20:16 | Create | Monk |
| 20:28 | Create | Villager (Male) |
| 20:28 | Create | Villager (Male) |
| 20:28 | Create | Villager (Male) |
| 20:36 | Create | Monk |
| 20:36 | Create | Monk |
| 20:36 | Create | Monk |
| 20:43 | Create | Villager (Male) |
| 20:43 | Build | Farm |
| 20:44 | Build | Farm |
| 21:19 | Create | Villager (Male) |
| 21:19 | Create | Villager (Male) |
| 21:28 | Create | Villager (Male) |
| 21:28 | Create | Villager (Male) |
| 21:30 | Build | House |
| 21:39 | Build | Farm |
| 21:40 | Build | Farm |
| 21:45 | Create | Villager (Male) |
| 21:45 | Create | Villager (Male) |
| 21:46 | Build | Farm |
| 21:48 | Build | Mining Camp |
| 22:05 | Create | Monk |
| 22:07 | Create | Battering Ram |
| 22:37 | Create | Villager (Male) |
| 22:38 | Create | Villager (Male) |
| 22:41 | Build | Lumber Camp |
| 23:01 | Create | Villager (Male) |
| 23:01 | Create | Villager (Male) |
| 23:03 | Build | House |
| 23:19 | Research | Wheelbarrow |
| 23:20 | Research | Wheelbarrow |
| 23:42 | Create | Villager (Male) |
| 23:42 | Create | Villager (Male) |
| 23:57 | Build | Town Center |
| 24:12 | Create | Battering Ram |
| 24:28 | Create | Villager (Male) |
| 24:28 | Create | Villager (Male) |
Build order — Oni.DauT
First 150 of 756 actions detected
| 0:01 | Create | Villager (Male) ×4 |
| 0:02 | Build | House |
| 0:03 | Build | House |
| 1:36 | Create | Villager (Male) |
| 1:50 | Create | Villager (Male) |
| 1:50 | Create | Villager (Male) |
| 1:54 | Build | Lumber Camp |
| 2:17 | Create | Villager (Male) |
| 2:46 | Create | Villager (Male) |
| 2:46 | Create | Villager (Male) |
| 2:47 | Create | Villager (Male) |
| 3:25 | Create | Villager (Male) |
| 3:56 | Create | Villager (Male) |
| 4:00 | Build | House |
| 4:28 | Create | Villager (Male) |
| 4:28 | Create | Villager (Male) |
| 5:05 | Build | Mining Camp |
| 5:13 | Create | Villager (Male) |
| 5:40 | Research | Loom |
| 5:55 | Build | House |
| 6:20 | Research | Feudal Age |
| 6:47 | Build | Lumber Camp |
| 7:08 | Create | Villager (Male) |
| 8:10 | Build | Dock |
| 8:13 | Build | Dock |
| 8:30 | Age | Feudal Age |
| 8:32 | Build | Stone Wall |
| 8:34 | Build | Stone Wall |
| 8:42 | Create | Villager (Male) |
| 8:46 | Create | Galley |
| 8:52 | Create | Galley |
| 9:09 | Create | Villager (Male) |
| 9:21 | Build | Mill |
| 9:30 | Build | House |
| 9:42 | Create | Villager (Male) |
| 9:42 | Create | Villager (Male) |
| 10:13 | Create | Villager (Male) |
| 10:19 | Build | House |
| 10:39 | Create | Galley |
| 10:41 | Create | Villager (Male) |
| 10:41 | Create | Villager (Male) |
| 10:56 | Create | Villager (Male) |
| 11:05 | Build | Mill |
| 11:15 | Create | Villager (Male) |
| 11:26 | Create | Villager (Male) |
| 11:32 | Build | Farm |
| 11:34 | Build | Farm |
| 11:52 | Create | Villager (Male) |
| 12:02 | Build | Farm |
| 12:04 | Build | Farm |
| 12:21 | Build | Farm |
| 12:24 | Research | Double-Bit Axe |
| 12:25 | Research | Double-Bit Axe |
| 12:34 | Create | Villager (Male) |
| 12:38 | Build | House |
| 12:47 | Create | Villager (Male) |
| 13:14 | Build | Palisade Wall |
| 13:15 | Build | Palisade Wall |
| 13:20 | Create | Villager (Male) |
| 13:29 | Build | Farm |
| 13:50 | Build | Farm |
| 13:54 | Build | Mill |
| 13:58 | Research | Wheelbarrow |
| 14:18 | Research | Horse Collar |
| 14:19 | Research | Horse Collar |
| 14:37 | Create | Villager (Male) |
| 14:42 | Create | Transport Ship |
| 14:49 | Create | Transport Ship |
| 15:16 | Create | Villager (Male) |
| 15:28 | Create | Villager (Male) |
| 15:32 | Build | Market |
| 15:45 | Create | Villager (Male) |
| 16:12 | Build | Blacksmith |
| 16:40 | Create | Villager (Male) |
| 16:49 | Build | House |
| 16:59 | Research | Castle Age |
| 17:47 | Build | Mining Camp |
| 18:29 | Research | Fletching |
| 18:29 | Research | Fletching |
| 18:31 | Create | Villager (Male) |
| 19:46 | Age | Castle Age |
| 19:50 | Build | Town Center |
| 19:52 | Create | Villager (Male) |
| 19:56 | Build | Town Center |
| 20:05 | Research | Bow Saw |
| 20:06 | Research | Bow Saw |
| 20:13 | Create | Villager (Male) |
| 20:15 | Create | Villager (Male) |
| 20:24 | Create | Villager (Male) |
| 20:31 | Create | Villager (Male) |
| 20:34 | Create | Villager (Male) |
| 20:46 | Create | Villager (Male) |
| 20:58 | Create | Villager (Male) |
| 21:08 | Create | Villager (Male) |
| 21:11 | Create | Villager (Male) |
| 21:13 | Build | Farm |
| 21:14 | Create | Villager (Male) |
| 21:20 | Create | Villager (Male) |
| 21:21 | Build | Farm |
| 21:22 | Build | Farm |
| 21:24 | Create | Villager (Male) |
| 21:30 | Create | Villager (Male) |
| 21:39 | Create | Villager (Male) |
| 21:43 | Build | House |
| 21:44 | Build | House |
| 21:52 | Create | Villager (Male) |
| 22:12 | Create | Villager (Male) |
| 22:14 | Build | Farm |
| 22:19 | Create | Villager (Male) |
| 22:24 | Build | Farm |
| 22:31 | Create | Villager (Male) |
| 22:33 | Build | Farm |
| 22:34 | Build | Farm |
| 22:35 | Build | Farm |
| 22:44 | Build | Farm |
| 22:48 | Research | Heavy Plow |
| 22:54 | Create | Villager (Male) |
| 22:59 | Create | Villager (Male) |
| 23:02 | Build | Farm |
| 23:03 | Create | Villager (Male) |
| 23:13 | Create | Villager (Male) |
| 23:16 | Build | Castle |
| 23:21 | Create | Villager (Male) |
| 23:29 | Create | Villager (Male) |
| 23:38 | Create | Villager (Male) |
| 23:46 | Build | Farm |
| 24:09 | Create | Villager (Male) |
| 24:12 | Create | Villager (Male) |
| 24:18 | Create | Centurion |
| 24:21 | Build | Town Center |
| 24:25 | Create | Centurion |
| 24:27 | Create | Villager (Male) |
| 24:27 | Create | Villager (Male) |
| 24:28 | Build | Farm |
| 24:29 | Build | Farm |
| 24:33 | Build | Farm |
| 24:33 | Create | Villager (Male) |
| 24:36 | Build | Farm |
| 24:37 | Build | Farm |
| 24:40 | Create | Villager (Male) |
| 24:40 | Create | Villager (Male) |
| 24:40 | Create | Villager (Male) |
| 24:43 | Build | Mill |
| 24:44 | Build | Farm |
| 24:47 | Build | Farm |
| 24:50 | Build | Farm |
| 25:04 | Create | Centurion |
| 25:07 | Create | Villager (Male) |
| 25:10 | Create | Villager (Male) |
| 25:19 | Create | Villager (Male) |
Build order — Oni.JorDan_AoE
First 150 of 849 actions detected
| 0:01 | Create | Villager (Male) |
| 0:01 | Create | Villager (Male) |
| 0:01 | Create | Villager (Male) |
| 0:02 | Build | House |
| 0:02 | Build | House |
| 0:37 | Create | Villager (Male) |
| 0:37 | Create | Villager (Male) |
| 1:29 | Create | Villager (Male) |
| 2:04 | Create | Villager (Male) |
| 2:04 | Create | Villager (Male) |
| 2:04 | Create | Villager (Male) |
| 2:08 | Build | Lumber Camp |
| 2:26 | Create | Villager (Male) |
| 2:26 | Create | Villager (Male) |
| 2:26 | Create | Villager (Male) |
| 2:26 | Create | Villager (Male) |
| 2:50 | Create | Villager (Male) |
| 3:25 | Create | Villager (Male) |
| 3:25 | Create | Villager (Male) |
| 3:51 | Create | Villager (Male) |
| 3:51 | Create | Villager (Male) |
| 3:59 | Build | House |
| 4:38 | Build | House |
| 4:47 | Create | Villager (Male) |
| 5:02 | Build | Palisade Wall |
| 5:05 | Build | Palisade Gate |
| 5:07 | Build | Palisade Wall |
| 5:08 | Create | Villager (Male) |
| 5:08 | Create | Villager (Male) |
| 5:09 | Create | Villager (Male) |
| 5:17 | Build | Mill |
| 6:18 | Create | Villager (Male) |
| 6:30 | Create | Villager (Male) |
| 6:57 | Create | Villager (Male) |
| 7:03 | Build | Lumber Camp |
| 7:17 | Create | Villager (Male) |
| 7:40 | Create | Villager (Male) |
| 8:03 | Build | Farm |
| 8:06 | Build | House |
| 8:22 | Create | Villager (Male) |
| 8:51 | Research | Feudal Age |
| 8:58 | Build | Mining Camp |
| 9:09 | Build | Dock |
| 9:18 | Build | Barracks |
| 9:21 | Create | Villager (Male) |
| 11:02 | Age | Feudal Age |
| 11:03 | Build | Blacksmith |
| 11:08 | Build | Archery Range |
| 11:11 | Create | Villager (Male) |
| 11:57 | Create | Villager (Male) |
| 12:10 | Build | Archery Range |
| 12:22 | Research | Castle Age |
| 13:05 | Research | Double-Bit Axe |
| 13:09 | Build | Farm |
| 13:44 | Build | Farm |
| 13:46 | Build | Farm |
| 13:47 | Build | Farm |
| 14:05 | Research | Horse Collar |
| 14:09 | Build | Farm |
| 14:12 | Build | Farm |
| 14:14 | Build | Farm |
| 14:39 | Research | Gold Mining |
| 14:49 | Build | House |
| 14:55 | Create | Villager (Male) |
| 15:02 | Age | Castle Age |
| 15:03 | Create | Unit 1952 |
| 15:03 | Create | Unit 1952 |
| 15:03 | Create | Unit 1952 |
| 15:18 | Create | Villager (Male) |
| 15:20 | Build | Dock |
| 15:32 | Research | Fletching |
| 15:32 | Research | Fletching |
| 15:33 | Create | Unit 1952 |
| 15:48 | Create | Villager (Male) |
| 15:54 | Build | Lumber Camp |
| 16:07 | Create | Unit 1952 |
| 16:09 | Create | Villager (Male) |
| 16:13 | Research | Loom |
| 16:42 | Research | Bow Saw |
| 16:43 | Create | Villager (Male) |
| 16:53 | Create | Transport Ship |
| 17:03 | Create | Unit 1952 |
| 17:03 | Create | Unit 1952 |
| 17:08 | Create | Unit 1952 |
| 17:21 | Create | Villager (Male) |
| 17:22 | Create | Villager (Male) |
| 17:23 | Create | Villager (Male) |
| 17:33 | Create | Unit 1952 |
| 17:36 | Create | Villager (Male) |
| 17:43 | Create | Unit 1952 |
| 17:43 | Create | Unit 1952 |
| 17:56 | Create | Unit 1952 |
| 18:10 | Create | Unit 1952 |
| 18:11 | Create | Villager (Male) |
| 18:21 | Build | Town Center |
| 18:29 | Create | Unit 1952 |
| 18:33 | Create | Villager (Male) |
| 18:34 | Build | House |
| 18:53 | Create | Unit 1952 |
| 19:06 | Research | Wheelbarrow |
| 19:07 | Build | Farm |
| 19:08 | Build | Farm |
| 19:21 | Create | Villager (Male) |
| 19:24 | Build | House |
| 19:31 | Create | Unit 1952 |
| 19:37 | Build | Farm |
| 19:40 | Create | Villager (Male) |
| 19:52 | Build | Farm |
| 19:53 | Build | Farm |
| 19:54 | Create | Villager (Male) |
| 20:00 | Create | Unit 1952 |
| 20:04 | Build | Farm |
| 20:12 | Build | Farm |
| 20:13 | Create | Villager (Male) |
| 20:14 | Build | Farm |
| 20:24 | Create | Unit 1952 |
| 20:28 | Build | Farm |
| 20:37 | Create | Villager (Male) |
| 20:38 | Build | Farm |
| 20:41 | Create | Villager (Male) |
| 20:44 | Build | House |
| 20:45 | Build | House |
| 20:45 | Build | House |
| 20:53 | Create | Unit 1952 |
| 20:55 | Create | Villager (Male) |
| 21:12 | Create | Villager (Male) |
| 21:21 | Create | Villager (Male) |
| 21:21 | Create | Villager (Male) |
| 21:24 | Create | Unit 1952 |
| 21:24 | Create | Unit 1952 |
| 21:40 | Build | Stable |
| 21:48 | Build | Farm |
| 21:49 | Build | Farm |
| 21:50 | Create | Villager (Male) |
| 22:06 | Create | Villager (Male) |
| 22:12 | Build | Town Center |
| 22:16 | Build | Mining Camp |
| 22:21 | Research | Stone Mining |
| 22:23 | Research | Town Watch |
| 22:24 | Research | Town Watch |
| 22:24 | Create | Villager (Male) |
| 22:36 | Build | House |
| 22:42 | Create | Villager (Male) |
| 22:49 | Create | Unit 1952 |
| 22:49 | Create | Unit 1952 |
| 22:52 | Create | Villager (Male) |
| 22:53 | Create | Villager (Male) |
| 23:06 | Create | Villager (Male) |
| 23:08 | Create | Villager (Male) |
| 23:11 | Create | Unit 1952 |
Build order — Oni.GoKu
First 150 of 724 actions detected
| 0:02 | Create | Villager (Male) |
| 0:02 | Create | Villager (Male) |
| 0:03 | Create | Villager (Male) |
| 0:04 | Create | Villager (Male) |
| 0:04 | Create | Villager (Male) |
| 0:05 | Build | House |
| 0:06 | Build | House |
| 1:34 | Create | Villager (Male) |
| 2:00 | Create | Villager (Male) |
| 2:01 | Create | Villager (Male) |
| 2:27 | Create | Villager (Male) |
| 2:28 | Create | Villager (Male) |
| 2:38 | Build | Lumber Camp |
| 2:49 | Create | Villager (Male) |
| 3:18 | Create | Villager (Male) |
| 3:40 | Create | Villager (Male) |
| 3:53 | Build | House |
| 4:30 | Create | Villager (Male) |
| 4:31 | Create | Villager (Male) |
| 4:59 | Create | Villager (Male) |
| 5:12 | Build | Mill |
| 5:23 | Create | Villager (Male) |
| 5:51 | Create | Villager (Male) |
| 5:58 | Build | House |
| 5:59 | Build | House |
| 6:00 | Build | Palisade Wall |
| 6:22 | Create | Villager (Male) |
| 6:56 | Create | Villager (Male) |
| 7:16 | Build | Palisade Wall |
| 7:18 | Build | Mining Camp |
| 7:27 | Build | Palisade Wall |
| 7:28 | Build | Palisade Gate |
| 7:30 | Create | Villager (Male) |
| 7:54 | Create | Villager (Male) |
| 8:13 | Research | Loom |
| 8:15 | Build | Mill |
| 8:24 | Research | Feudal Age |
| 9:16 | Build | Barracks |
| 10:48 | Create | Villager (Male) |
| 10:48 | Create | Villager (Male) |
| 10:52 | Age | Feudal Age |
| 10:58 | Build | Stable |
| 11:16 | Build | Blacksmith |
| 11:21 | Create | Villager (Male) |
| 11:24 | Build | House |
| 11:47 | Build | Palisade Wall |
| 11:50 | Build | Palisade Gate |
| 12:08 | Research | Castle Age |
| 12:41 | Build | Mill |
| 13:01 | Research | Double-Bit Axe |
| 13:04 | Research | Horse Collar |
| 13:32 | Build | House |
| 14:01 | Build | Palisade Gate |
| 14:11 | Create | Villager (Male) |
| 14:48 | Age | Castle Age |
| 14:49 | Create | Villager (Male) |
| 14:51 | Create | Steppe Lancer |
| 14:51 | Create | Steppe Lancer |
| 14:53 | Research | Bow Saw |
| 15:12 | Build | Farm |
| 15:13 | Build | Farm |
| 15:14 | Build | Farm |
| 15:20 | Build | Farm |
| 15:23 | Create | Villager (Male) |
| 15:23 | Create | Steppe Lancer |
| 15:47 | Create | Villager (Male) |
| 15:59 | Create | Steppe Lancer |
| 16:11 | Create | Villager (Male) |
| 16:25 | Build | Siege Workshop |
| 16:43 | Create | Steppe Lancer |
| 16:43 | Create | Steppe Lancer |
| 16:53 | Build | Farm |
| 16:54 | Build | Farm |
| 16:54 | Create | Villager (Male) |
| 17:12 | Create | Villager (Male) |
| 17:16 | Create | Steppe Lancer |
| 17:27 | Create | Mangonel |
| 17:32 | Build | House |
| 17:42 | Create | Villager (Male) |
| 17:45 | Build | Farm |
| 18:07 | Build | House |
| 18:09 | Create | Steppe Lancer |
| 18:16 | Create | Villager (Male) |
| 18:28 | Build | Farm |
| 18:29 | Build | Farm |
| 18:34 | Create | Steppe Lancer |
| 18:34 | Create | Steppe Lancer |
| 18:44 | Create | Villager (Male) |
| 18:56 | Create | Mangonel |
| 19:06 | Create | Villager (Male) |
| 19:23 | Create | Steppe Lancer |
| 19:29 | Create | Villager (Male) |
| 20:00 | Create | Villager (Male) |
| 20:00 | Create | Villager (Male) |
| 20:08 | Build | Town Center |
| 20:16 | Build | Farm |
| 20:17 | Build | Farm |
| 20:25 | Create | Scout Cavalry |
| 20:36 | Build | Farm |
| 20:37 | Build | Farm |
| 20:46 | Build | House |
| 21:15 | Create | Villager (Male) |
| 21:32 | Create | Villager (Male) |
| 21:33 | Create | Scout Cavalry |
| 21:36 | Build | House |
| 21:36 | Create | Villager (Male) |
| 21:45 | Create | Villager (Male) |
| 21:53 | Create | Villager (Male) |
| 22:06 | Build | Farm |
| 22:17 | Build | Mining Camp |
| 22:20 | Create | Villager (Male) |
| 22:23 | Build | Siege Workshop |
| 22:30 | Create | Villager (Male) |
| 22:47 | Create | Mangonel |
| 22:49 | Build | House |
| 22:49 | Build | House |
| 22:55 | Create | Villager (Male) |
| 22:57 | Create | Villager (Male) |
| 23:12 | Research | Wheelbarrow |
| 23:12 | Research | Wheelbarrow |
| 23:30 | Build | Mining Camp |
| 23:35 | Build | House |
| 23:36 | Build | House |
| 23:43 | Create | Villager (Male) |
| 24:09 | Create | Villager (Male) |
| 24:14 | Create | Villager (Male) |
| 24:27 | Build | House |
| 24:30 | Build | Farm |
| 24:31 | Build | Farm |
| 24:42 | Build | Farm |
| 24:43 | Build | Farm |
| 25:04 | Create | Villager (Male) |
| 25:04 | Create | Villager (Male) |
| 25:07 | Build | Farm |
| 25:19 | Create | Villager (Male) |
| 25:19 | Create | Villager (Male) |
| 25:33 | Build | Castle |
| 25:53 | Create | Villager (Male) |
| 25:58 | Build | Farm |
| 26:02 | Create | Villager (Male) |
| 26:20 | Create | Villager (Male) |
| 26:21 | Create | Villager (Male) |
| 26:45 | Create | Villager (Male) |
| 26:53 | Build | Town Center |
| 26:54 | Create | Mangudai |
| 26:59 | Create | Villager (Male) |
| 27:13 | Research | Fletching |
| 27:15 | Create | Mangudai |
| 27:22 | Create | Villager (Male) |
| 27:24 | Create | Mangudai |
Build order — Oni.Kingstone
First 150 of 746 actions detected
| 0:00 | Create | Villager (Male) |
| 0:01 | Create | Villager (Male) |
| 0:01 | Create | Villager (Male) |
| 0:02 | Build | House |
| 0:03 | Build | House |
| 0:23 | Create | Villager (Male) |
| 0:23 | Create | Villager (Male) |
| 1:03 | Build | Mill |
| 1:10 | Build | Mill |
| 1:37 | Create | Villager (Male) |
| 1:59 | Create | Villager (Male) |
| 2:25 | Create | Villager (Male) |
| 2:25 | Create | Villager (Male) |
| 2:52 | Create | Villager (Male) |
| 3:19 | Create | Villager (Male) |
| 3:19 | Create | Villager (Male) |
| 3:22 | Build | Lumber Camp |
| 3:38 | Build | House |
| 3:41 | Create | Villager (Male) |
| 3:45 | Create | Villager (Male) |
| 4:24 | Create | Villager (Male) |
| 4:45 | Create | Villager (Male) |
| 5:12 | Create | Villager (Male) |
| 5:20 | Build | Palisade Wall |
| 5:21 | Build | House |
| 5:22 | Build | Palisade Wall |
| 5:34 | Create | Villager (Male) |
| 5:54 | Build | Palisade Wall |
| 6:01 | Build | House |
| 6:26 | Create | Villager (Male) |
| 6:47 | Build | Lumber Camp |
| 6:49 | Create | Villager (Male) |
| 7:12 | Create | Villager (Male) |
| 7:29 | Build | Palisade Wall |
| 7:36 | Create | Villager (Male) |
| 7:51 | Build | House |
| 8:07 | Create | Villager (Male) |
| 8:08 | Create | Villager (Male) |
| 8:49 | Research | Feudal Age |
| 8:57 | Build | Mining Camp |
| 10:23 | Create | Villager (Male) |
| 11:07 | Age | Feudal Age |
| 11:07 | Create | Villager (Male) |
| 11:10 | Build | Market |
| 11:14 | Build | Blacksmith |
| 11:26 | Research | Loom |
| 12:02 | Create | Villager (Male) |
| 12:35 | Research | Castle Age |
| 12:48 | Build | Watch Tower |
| 13:26 | Build | Lumber Camp |
| 13:48 | Research | Double-Bit Axe |
| 14:43 | Build | House |
| 15:11 | Create | Villager (Male) |
| 15:15 | Age | Castle Age |
| 15:17 | Build | Siege Workshop |
| 15:18 | Research | Bow Saw |
| 15:21 | Research | Horse Collar |
| 15:23 | Create | Villager (Male) |
| 15:32 | Build | Farm |
| 15:32 | Build | Farm |
| 15:33 | Build | Farm |
| 15:34 | Build | Farm |
| 15:35 | Build | Farm |
| 15:42 | Create | Armored Elephant |
| 15:47 | Create | Villager (Male) |
| 15:54 | Build | Farm |
| 16:22 | Create | Villager (Male) |
| 16:33 | Create | Villager (Male) |
| 16:39 | Build | Monastery |
| 17:04 | Build | Town Center |
| 17:08 | Build | Palisade Wall |
| 17:10 | Build | Palisade Wall |
| 17:15 | Create | Villager (Male) |
| 17:18 | Create | Monk |
| 17:35 | Create | Villager (Male) |
| 17:38 | Create | Villager (Male) |
| 18:02 | Create | Villager (Male) |
| 18:08 | Create | Monk |
| 18:09 | Create | Villager (Male) |
| 18:38 | Create | Villager (Male) |
| 18:43 | Create | Villager (Male) |
| 19:02 | Create | Villager (Male) |
| 19:18 | Create | Villager (Male) |
| 19:44 | Build | Town Center |
| 19:47 | Create | Villager (Male) |
| 20:02 | Build | Farm |
| 20:03 | Build | Farm |
| 20:04 | Create | Villager (Male) |
| 20:20 | Build | Farm |
| 20:30 | Build | Farm |
| 20:31 | Build | Farm |
| 20:32 | Build | Farm |
| 20:37 | Create | Villager (Male) |
| 20:49 | Build | Mill |
| 20:57 | Create | Villager (Male) |
| 21:12 | Create | Villager (Male) |
| 21:19 | Build | Farm |
| 21:25 | Create | Villager (Male) |
| 21:30 | Build | House |
| 21:31 | Build | House |
| 21:32 | Create | Villager (Male) |
| 21:36 | Create | Villager (Male) |
| 21:48 | Create | Villager (Male) |
| 21:54 | Build | Town Center |
| 21:54 | Create | Villager (Male) |
| 21:55 | Build | House |
| 22:17 | Build | House |
| 22:17 | Build | House |
| 22:19 | Build | Farm |
| 22:20 | Create | Villager (Male) |
| 22:22 | Create | Villager (Male) |
| 22:29 | Build | Farm |
| 22:30 | Build | Farm |
| 22:32 | Create | Villager (Male) |
| 22:32 | Create | Villager (Male) |
| 22:42 | Create | Villager (Male) |
| 22:48 | Create | Villager (Male) |
| 22:53 | Build | House |
| 22:53 | Build | House |
| 22:53 | Create | Villager (Male) |
| 23:00 | Build | Farm |
| 23:01 | Build | Farm |
| 23:01 | Create | Villager (Male) |
| 23:13 | Create | Villager (Male) |
| 23:23 | Build | Farm |
| 23:24 | Create | Villager (Male) |
| 23:27 | Build | Farm |
| 23:29 | Build | Outpost |
| 23:35 | Create | Villager (Male) |
| 23:39 | Build | Farm |
| 23:41 | Create | Villager (Male) |
| 23:43 | Build | Farm |
| 23:44 | Create | Villager (Male) |
| 23:49 | Create | Monk |
| 23:52 | Create | Villager (Male) |
| 23:59 | Create | Villager (Male) |
| 24:02 | Create | Villager (Male) |
| 24:06 | Create | Villager (Male) |
| 24:14 | Build | Farm |
| 24:17 | Create | Villager (Male) |
| 24:18 | Create | Villager (Male) |
| 24:34 | Create | Villager (Male) |
| 24:38 | Create | Villager (Male) |
| 24:44 | Create | Villager (Male) |
| 24:58 | Create | Villager (Male) |
| 24:58 | Create | Villager (Male) |
| 24:58 | Create | Villager (Male) |
| 24:59 | Build | Farm |
| 25:00 | Build | Farm |
| 25:02 | Build | Barracks |
Match timeline
| 4:59 | Oni.TaToH · wall_segment Palisade Wall x14 |
| 5:02 | Oni.JorDan_AoE · wall_segment Palisade Wall x1 |
| 5:05 | Oni.TaToH · wall_segment Palisade Wall x9 |
| 5:07 | Oni.JorDan_AoE · wall_segment Palisade Wall x4 |
| 5:15 | Oni.dogao · wall_segment Palisade Wall x2 |
| 5:20 | Oni.Kingstone · wall_segment Palisade Wall x1 |
| 5:22 | Oni.Kingstone · wall_segment Palisade Wall x3 |
| 5:31 | Oni.dogao · wall_segment Palisade Wall x1 |
| 5:54 | Oni.Kingstone · wall_segment Palisade Wall x1 |
| 6:00 | Oni.GoKu · wall_segment Palisade Wall x1 |
| 6:37 | Oni.TaToH · wall_segment Palisade Wall x1 |
| 6:39 | Oni.TaToH · wall_segment Palisade Wall x1 |
| 6:41 | Oni.TaToH · wall_segment Palisade Wall x1 |
| 6:44 | Oni.TaToH · wall_segment Palisade Wall x1 |
| 6:46 | Oni.TaToH · wall_segment Palisade Wall x1 |
| 6:51 | Oni.TaToH · wall_segment Palisade Wall x1 |
| 7:16 | Oni.GoKu · wall_segment Palisade Wall x11 |
| 7:27 | Oni.GoKu · wall_segment Palisade Wall x7 |
| 7:29 | Oni.Kingstone · wall_segment Palisade Wall x1 |
| 8:10 | Oni.DauT · first_building Dock |
| 8:30 | Oni.DauT · age_up feudal |
| 8:32 | Oni.DauT · wall_segment Stone Wall x1 |
| 8:34 | Oni.DauT · wall_segment Stone Wall x4 |
| 9:09 | Oni.JorDan_AoE · first_building Dock |
| 9:16 | Oni.GoKu · first_building Barracks |
| 9:18 | Oni.JorDan_AoE · first_building Barracks |
| 10:52 | Oni.GoKu · age_up feudal |
| 10:55 | Oni.TaToH · first_building Dock |
| 10:56 | Oni.dogao · age_up feudal |
| 10:56 | Oni.TaToH · age_up feudal |
| 10:58 | Oni.GoKu · first_building Stable |
| 11:02 | Oni.JorDan_AoE · age_up feudal |
| 11:07 | Oni.Kingstone · age_up feudal |
| 11:08 | Oni.JorDan_AoE · first_building Archery Range |
| 11:47 | Oni.GoKu · wall_segment Palisade Wall x15 |
| 13:14 | Oni.DauT · wall_segment Palisade Wall x1 |
| 13:15 | Oni.DauT · wall_segment Palisade Wall x1 |
| 13:59 | Oni.dogao · wall_segment Palisade Wall x1 |
| 14:01 | Oni.dogao · first_building Barracks |
| 14:27 | Oni.dogao · age_up castle |
| 14:30 | Oni.dogao · first_building Siege Workshop |
| 14:31 | Oni.dogao · first_building Monastery |
| 14:41 | Oni.dogao · wall_segment Palisade Wall x1 |
| 14:43 | Oni.dogao · wall_segment Palisade Wall x1 |
| 14:48 | Oni.GoKu · age_up castle |
| 14:52 | Oni.TaToH · age_up castle |
| 15:02 | Oni.JorDan_AoE · age_up castle |
| 15:15 | Oni.Kingstone · age_up castle |
| 15:17 | Oni.Kingstone · first_building Siege Workshop |
| 15:26 | Oni.dogao · first_market_buy 100 wood |
| 15:42 | Oni.Kingstone · first_market_buy 100 food |
| 16:01 | Oni.TaToH · first_market_buy 100 food |
| 16:20 | Oni.dogao · first_market_sell 500 stone |
| 16:25 | Oni.GoKu · first_building Siege Workshop |
| 16:39 | Oni.Kingstone · first_building Monastery |
| 16:58 | Oni.DauT · first_market_buy 100 food |
| 17:08 | Oni.Kingstone · wall_segment Palisade Wall x1 |
| 17:10 | Oni.Kingstone · wall_segment Palisade Wall x1 |
| 17:56 | Oni.TaToH · wall_segment Stone Wall x1 |
| 17:58 | Oni.TaToH · wall_segment Stone Wall x1 |
| 18:01 | Oni.TaToH · wall_segment Stone Wall x6 |
| 18:37 | Oni.TaToH · wall_segment Palisade Wall x1 |
| 18:37 | Oni.TaToH · wall_segment Palisade Wall x1 |
| 19:35 | Oni.Kingstone · first_market_sell 100 food |
| 19:46 | Oni.DauT · age_up castle |
| 21:40 | Oni.JorDan_AoE · first_building Stable |
| 23:14 | Oni.TaToH · first_building Siege Workshop |
| 23:16 | Oni.DauT · first_building Castle |
| 24:05 | Oni.TaToH · first_market_sell 100 food |
| 25:02 | Oni.Kingstone · first_building Barracks |
| 25:33 | Oni.GoKu · first_building Castle |
| 26:00 | Oni.Kingstone · first_building Stable |
| 26:34 | Oni.JorDan_AoE · first_building Castle |
| 28:13 | Oni.DauT · first_market_sell 100 wood |
| 28:17 | Oni.TaToH · first_building Monastery |
| 28:32 | Oni.dogao · wall_segment Palisade Wall x2 |
| 28:32 | Oni.dogao · wall_segment Palisade Wall x1 |
| 28:34 | Oni.TaToH · wall_segment Stone Wall x1 |
| 29:07 | Oni.dogao · first_building Castle |
| 29:27 | Oni.TaToH · wall_segment Stone Wall x17 |
| 29:54 | Oni.DauT · first_building Barracks |
| 30:02 | Oni.TaToH · wall_segment Stone Wall x11 |
| 30:11 | Oni.Kingstone · first_building Dock |
| 30:21 | Oni.TaToH · wall_segment Stone Wall x2 |
| 30:22 | Oni.DauT · wall_segment Stone Wall x9 |
| 30:37 | Oni.JorDan_AoE · wall_segment Stone Wall x6 |
| 31:00 | Oni.TaToH · first_building Castle |
| 31:22 | Oni.Kingstone · wall_segment Stone Wall x9 |
| 31:26 | Oni.DauT · age_up imperial |
| 31:42 | Oni.Kingstone · wall_segment Stone Wall x9 |
| 31:45 | Oni.Kingstone · wall_segment Stone Wall x8 |
| 31:53 | Oni.Kingstone · first_building Archery Range |
| 32:12 | Oni.Kingstone · wall_segment Stone Wall x6 |
| 32:23 | Oni.Kingstone · wall_segment Stone Wall x4 |
| 33:01 | Oni.Kingstone · wall_segment Stone Wall x6 |
| 33:06 | Oni.Kingstone · wall_segment Stone Wall x12 |
| 33:28 | Oni.Kingstone · age_up imperial |
| 34:16 | Oni.GoKu · first_building Monastery |
| 35:05 | Oni.dogao · age_up imperial |
| 35:19 | Oni.JorDan_AoE · age_up imperial |
| 35:56 | Oni.Kingstone · first_building Castle |
| 36:00 | Oni.TaToH · wall_segment Stone Wall x1 |
| 36:01 | Oni.TaToH · wall_segment Stone Wall x1 |
| 36:05 | Oni.TaToH · wall_segment Stone Wall x1 |
| 36:07 | Oni.TaToH · wall_segment Stone Wall x1 |
| 36:09 | Oni.TaToH · wall_segment Stone Wall x1 |
| 36:33 | Oni.JorDan_AoE · first_market_sell 100 food |
| 36:34 | Oni.JorDan_AoE · first_market_buy 100 wood |
| 36:41 | Oni.TaToH · wall_segment Stone Wall x1 |
| 36:48 | Oni.TaToH · wall_segment Stone Wall x1 |
| 36:49 | Oni.TaToH · first_building Barracks |
| 36:59 | Oni.TaToH · wall_segment Stone Wall x1 |
| 37:00 | Oni.TaToH · wall_segment Stone Wall x1 |
| 37:02 | Oni.GoKu · first_building Archery Range |
| 38:06 | Oni.Kingstone · wall_segment Stone Wall x1 |
| 38:17 | Oni.dogao · wall_segment Stone Wall x9 |
| 38:32 | Oni.GoKu · age_up imperial |
| 38:43 | Oni.DauT · first_building Stable |
| 39:50 | Oni.GoKu · first_market_sell 100 stone |
| 39:52 | Oni.GoKu · first_market_buy 100 food |
| 40:43 | Oni.JorDan_AoE · first_building Siege Workshop |
| 40:47 | Oni.TaToH · wall_segment Stone Wall x1 |
| 40:47 | Oni.TaToH · wall_segment Stone Wall x1 |
| 40:48 | Oni.TaToH · wall_segment Stone Wall x1 |
| 43:41 | Oni.TaToH · age_up imperial |
| 43:49 | Oni.dogao · first_building Stable |
| 45:14 | Oni.Kingstone · wall_segment Stone Wall x1 |
| 45:18 | Oni.TaToH · first_building Stable |
| 45:22 | Oni.Kingstone · wall_segment Stone Wall x1 |
| 45:23 | Oni.Kingstone · wall_segment Stone Wall x1 |
| 46:39 | Oni.GoKu · wall_segment Stone Wall x1 |
| 50:28 | Oni.Kingstone · wall_segment Stone Wall x5 |
| 50:31 | Oni.Kingstone · wall_segment Stone Wall x1 |
| 51:01 | Oni.Kingstone · wall_segment Stone Wall x1 |
| 51:46 | Oni.DauT · wall_segment Palisade Wall x1 |
| 53:26 | Oni.Kingstone · wall_segment Stone Wall x13 |
| 53:50 | Oni.Kingstone · wall_segment Stone Wall x1 |
| 53:55 | Oni.Kingstone · wall_segment Stone Wall x1 |
| 54:03 | Oni.TaToH · wall_segment Stone Wall x1 |
| 54:58 | Oni.TaToH · wall_segment Stone Wall x5 |
| 55:03 | Oni.TaToH · wall_segment Stone Wall x2 |
| 55:14 | Oni.dogao · wall_segment Stone Wall x11 |
| 55:17 | Oni.dogao · wall_segment Stone Wall x11 |
| 56:29 | Oni.JorDan_AoE · tribute_sent a jugador 1 |
| 56:29 | Oni.JorDan_AoE · tribute_sent a jugador 2 |
| 56:29 | Oni.JorDan_AoE · tribute_sent a jugador 4 |
| 56:29 | Oni.JorDan_AoE · tribute_sent a jugador 5 |
| 56:29 | Oni.JorDan_AoE · tribute_sent a jugador 6 |
| 57:49 | Oni.Kingstone · wall_segment Stone Wall x1 |
| 59:27 | Oni.JorDan_AoE · tribute_sent a jugador 1 |
| 59:27 | Oni.JorDan_AoE · tribute_sent a jugador 2 |
| 59:27 | Oni.JorDan_AoE · tribute_sent a jugador 4 |
| 59:27 | Oni.JorDan_AoE · tribute_sent a jugador 5 |
| 59:27 | Oni.JorDan_AoE · tribute_sent a jugador 6 |
| 59:57 | Oni.DauT · wall_segment Stone Wall x9 |
| 60:01 | Oni.JorDan_AoE · tribute_sent a jugador 1 |
| 60:01 | Oni.JorDan_AoE · tribute_sent a jugador 2 |
| 60:01 | Oni.JorDan_AoE · tribute_sent a jugador 4 |
| 60:01 | Oni.JorDan_AoE · tribute_sent a jugador 5 |
| 60:01 | Oni.JorDan_AoE · tribute_sent a jugador 6 |
| 60:06 | Oni.DauT · wall_segment Stone Wall x3 |
| 60:53 | Oni.dogao · tribute_sent a jugador 2 |
| 60:53 | Oni.dogao · tribute_sent a jugador 3 |
| 60:53 | Oni.dogao · tribute_sent a jugador 4 |
| 60:53 | Oni.dogao · tribute_sent a jugador 5 |
| 60:53 | Oni.dogao · tribute_sent a jugador 6 |
| 62:15 | Oni.DauT · wall_segment Stone Wall x11 |
| 63:42 | Oni.JorDan_AoE · tribute_sent a jugador 1 |
| 63:42 | Oni.JorDan_AoE · tribute_sent a jugador 2 |
| 63:42 | Oni.JorDan_AoE · tribute_sent a jugador 4 |
| 63:42 | Oni.JorDan_AoE · tribute_sent a jugador 5 |
| 63:42 | Oni.JorDan_AoE · tribute_sent a jugador 6 |
| 65:10 | Oni.TaToH · resign |
[ AI ANALYSIS · 1 CREDIT ]
What really happened in this match?
Wolo.gg analyzes every decision: build order, eco, micro, common mistakes by bracket. Personalized analysis on WhatsApp or Discord in 30 seconds.
Civ guide
Portuguese
Perfil
Jugador #197388